 Dungeon Crawl Stone Soup version 0.28.0-1-gb440e238dd (webtiles) character file.

Game seed: 9536858359144001555

10 smarlow the Skirmisher (level 2, -6/27 HPs)
             Began as a Minotaur Fighter on Feb 25, 2022.
             Mangled by a kobold (8 damage)
             ... on level 2 of the Dungeon.
             The game lasted 00:00:58 (738 turns).

smarlow the Skirmisher (Minotaur Fighter)            Turns: 738, Time: 00:00:59

Health: -6/27      AC:  7    Str: 20    XL:     2   Next: 10%
Magic:  1/1        EV:  9    Int:  5    God:
Gold:   79         SH:  4    Dex:  9    Spells: 1/1 levels left

rFire   . . .      SeeInvis .   a - +0 war axe
rCold   . . .      Faith    .   c - +0 buckler
rNeg    . . .      Spirit   .   b - +0 scale mail
rPois   .          Reflect  .   (helmet restricted)
rElec   .          Harm     .   (no cloak)
rCorr   .          Rampage  .   (no gloves)
Will    .....                   (no boots)
Stlth   ..........              (no amulet)
HPRegen 0.09/turn               (no ring)
MPRegen 0.07/turn               (no ring)

@: mighty
A: horns 2, retaliatory headbutt
a: no special abilities


You were on level 2 of the Dungeon.
You visited 1 branch of the dungeon, and saw 2 of its levels.

You collected 79 gold pieces.

Inventory:

Hand Weapons
 a - a +0 war axe (weapon)
Armour
 b - a +0 scale mail (worn)
 c - a +0 buckler (worn)
Scrolls
 g - a scroll of immolation {unknown}
 k - 2 scrolls of identify {unknown}
Potions
 e - 2 potions of curing {unknown}
 f - a potion of mutation {unknown}
 h - a potion of resistance {unknown}
 i - 2 potions of haste {unknown}
 j - a potion of brilliance {unknown}


   Skills:
 * Level 3.9 Fighting
 + Level 2.6 Axes
 + Level 3.8 Armour
 + Level 3.8 Shields


You had one spell level left.
You didn't know any spells.
Your spell library contained the following spells:

 Spells                   Type           Power      Damage    Failure   Level
 Conjure Ball Lightning   Conj/Air       0%         3x3d6     100%        6
 Discord                  Hex            0%         N/A       100%        8
 Disjunction              Tloc           0%         N/A       100%        8


Dungeon Overview and Level Annotations

Branches:
Dungeon (2/15)

Altars:

Annotations:
D:2 Sigmund


Innate Abilities, Weirdness & Mutations

You have a pair of horns on your head.
You reflexively headbutt those who attack you in melee.


Message History

Found a stone staircase leading up.
No target in view!
k - 2 scrolls labelled GOICLY OSSYD (gained 1)
You now have 79 gold pieces (gained 16).
A ball python comes into view.
A ball python is nearby!
The ball python barely misses you. The ball python grabs you.
The ball python constricts you.
You hit the ball python.
The ball python is moderately wounded.
The ball python barely misses you. The ball python constricts you.
The ball python barely misses you. The ball python constricts you.
You slash the ball python!
You kill the ball python!
No target in view!
You enter the shallow water.
Moving in this stuff is going to be slow.
Found a stone staircase leading down.
Sigmund the Dreaded comes into view.
He is wielding a +0 scythe.
Sigmund shouts!
You feel very mighty all of a sudden.
A kobold comes into view. It is wielding a +4 short sword.
The kobold shouts!
Sigmund closely misses you.
Sigmund mumbles some strange words.
Sigmund flickers and vanishes!
Deactivating autopickup; reactivate with Ctrl-A.
You closely miss something. You headbutt something! Something hits you!
The kobold throws a stone.
You block the stone.
You slash something! Something hits you!
You miss something. Something hits you but does no damage.
The kobold hits you with a +4 short sword.
You miss something. Your headbutt misses something.
You closely miss the kobold.
You hear some strange, mumbled words.
A puff of flame appears from out of thin air!
The puff of flame hits you!
* * * LOW HITPOINT WARNING * * *
The kobold hits you with a +4 short sword!
You die...

#.....## #......
#..... #....##
#.....#
..#####.....###
#......K{......
..#####@....#
............#
.######.##### #.#
P≈ #.# ≈≈P #.#
≈≈P≈ #.#
####♣≈≈≈≈≈..
#.###.##≈≈≈≈≈....≈
#......≈≈≈≈≈≈≈..≈≈


You could see a kobold.

Vanquished Creatures
  3 ball pythons (D:2)
  An endoplasm (D:1)
  A hobgoblin (D:1)
  A quokka (D:1)
  3 kobolds (D:1)
  2 rats (D:1)
11 creatures vanquished.

Notes
Turn   | Place    | Note
-------+----------+-------------------------------------------
     0 | D:1      | smarlow the Minotaur Fighter began the quest for the Orb.
     0 | D:1      | Reached XP level 1. HP: 19/19 MP: 0/0
   222 | D:1      | Found a faded altar of an unknown god.
   670 | D:2      | Reached XP level 2. HP: 27/27 MP: 1/1
   730 | D:2      | Noticed Sigmund
   738 | D:2      | Mangled by a kobold

Illustrated notes

Levels and vault maps discovered:
D:1:      shiori_arrival_elements, layout_basic,
          shapermc_ecumenical_altar_starsandcircs
D:2:      layout_loops_ring, serial_bayou, serial_bayou_ford_a,
          serial_bayou_shore_a, serial_bayou_crossing, serial_bayou_shore_b,
          serial_shops, nicolae_shop_crystal, uniq_sigmund

Action                   || total
-------------------------++-------
Melee: War axe           ||    39
       Headbutt          ||     3
  Use: Potion            ||     1
Armor: Scale mail        ||    18
Dodge: Dodged            ||    22
Block: Buckler           ||     6
